 Dungeon Crawl Stone Soup version 0.14-a0-1378-gf8e6a88 (webtiles) character file.

159 PolkaDot the Insei (level 4, -1/24 (29) HPs)
             Began as an Octopode Transmuter on Dec 8, 2013.
             Slain by a worker ant (4 damage)
             ... on Level 3 of the Dungeon.
             The game lasted 00:08:58 (1768 turns).

PolkaDot the Insei (Octopode Transmuter)            Turns: 1768, Time: 00:08:58

HP  -1/24 (29)   AC  1     Str  9      XL: 4   Next: 80%
MP   7/7         EV 13     Int 15      God:
Gold 55          SH  0     Dex 13      Spells:  1 memorised,  6 levels left

rFire  . . .     SeeInvis .       - Unarmed
rCold  . . .     Clarity  .     (no shield)
rNeg   . . .     Conserve .     (helmet restricted)
rPois  .         rCorr    .     (no amulet)
rElec  .         rRot     .     (no ring)
SustAb . .       Spirit   .     (no ring)
rMut   .         Warding  .     (no ring)
Saprov . . .     Stasis   .     (no ring)
                                (no ring)
                                (no ring)
                                (no ring)
                                (no ring)

@: appendage (expiring), slightly resistant to hostile enchantments, fairly
stealthy
A: almost no armour, amphibious, 8 rings, constrict 8, spike 3, camouflage 1,
berserk 1, fast metabolism 1, regeneration 1, gelatinous body 1
a: End Transformation


You were on level 3 of the Dungeon.
You were hungry.
One of your tentacles had a temporary spike.
You visited 1 branch of the dungeon, and saw 3 of its levels.

You collected 55 gold pieces.

Inventory:

Missiles
 b - 12 arrows
Magical devices
 h - a wand of magic darts (15)
Comestibles
 a - a bread ration
 i - 2 meat rations
Scrolls
 c - a scroll of identify {unknown}
 f - a scroll of enchant armour {unknown}
 j - a scroll of fog {unknown}
Potions
 e - a potion of speed {unknown}
 g - a potion of magic
 k - a potion of agility {unknown}
 n - 3 potions of curing {unknown}
Books
 d - a book of Changes

   Spells                             Type                      Level
   *Beastly Appendage                 Transmutation                1
   Sticks to Snakes                   Transmutation                2
   Spider Form                        Transmutation/Poison         3
   Ice Form                           Ice/Transmutation            4
   Blade Hands                        Transmutation                5


   Skills:
 - Level 2.2 Fighting
 + Level 2.7 Dodging
 * Level 4.4 Unarmed Combat
 - Level 2.0 Spellcasting
 + Level 2.0 Transmutations


You had 6 spell levels left.
You knew the following spells:

 Your Spells              Type           Power        Failure   Level  Hunger
a - Beastly Appendage     Trmt           #.....       12%         1    #......


Dungeon Overview and Level Annotations

Branches:
Dungeon (3/16)

Altars:
Kikubaaqudgha
Nemelex Xobeh
the Shining One


Innate Abilities, Weirdness & Mutations

You cannot wear most types of armour.
You are amphibious.
You can wear up to eight rings at the same time.
You can use your tentacles to constrict many enemies at once.
Your skin changes colour to match your surroundings (Stlth).
Your rubbery body absorbs attacks (AC +1).
One of your tentacles bears a large vicious spike.
You tend to lose your temper in combat.
You have a fast metabolism.
Your natural rate of healing is unusually fast.


Message History

The ooze hits you.
You hit the ooze.
The ooze is severely wounded.
The ooze hits you but does no damage.
You hit the ooze.
You pierce the ooze.
You kill the ooze!
You hit the worker ant. You grab the worker ant.
You tentacle-slap the worker ant.
The worker ant is heavily wounded.
You constrict the worker ant, but do no damage.
The worker ant closely misses you.
You hit the worker ant.
The worker ant is severely wounded.
You constrict the worker ant, but do no damage.
The worker ant bites you!
* * * LOW HITPOINT WARNING * * *
Drink which item? (? for menu, Esc to quit)
Magic courses through your body.
It was a potion of magic.
You constrict the worker ant. The worker ant bites you.
You die...

# #.# #.#
#.# ####.#
#.# #.#
...#.# #.#
#.# <#.#.#
#.# #.#
##.#(# #.#
#.# ##.#.#
#.# #.#
)..#.# #.#
#.# ####.#
#.# #a#
.....#
#.#######@#
######
#........)#
###########


You could see a worker ant.

Vanquished Creatures
  Jessica (D:3)
  5 adders
  An inept feature mimic (D:2)
  A giant gecko (D:2)
  An ooze (D:3)
  5 bats
  A goblin (D:2)
  5 hobgoblins
  3 kobolds (D:2)
  A quokka (D:2)
  5 giant newts
  6 rats
35 creatures vanquished.

Notes
Turn   | Place    | Note
--------------------------------------------------------------
     0 | D:1      | PolkaDot, the Octopode Transmuter, began the quest for the Orb.
     0 | D:1      | Reached XP level 1. HP: 13/13 MP: 3/3
   309 | D:1      | Found a sparkling altar of Nemelex Xobeh.
   384 | D:1      | Reached XP level 2. HP: 18/18 MP: 2/4
   797 | D:1      | Reached XP level 3. HP: 10/24 MP: 4/6
   871 | D:1      | Paralysed by a potion of paralysis for 7 turns
  1001 | D:1      | Gained mutation: Your natural rate of healing is unusually fast. [potion of mutation]
  1001 | D:1      | Gained mutation: You have a fast metabolism. [potion of mutation]
  1001 | D:1      | Gained mutation: You tend to lose your temper in combat. [potion of mutation]
  1421 | D:2      | Reached skill level 4 in Unarmed Combat
  1421 | D:2      | Reached XP level 4. HP: 18/24 MP: 5/7
  1646 | D:3      | Found an ancient bone altar of Kikubaaqudgha.
  1646 | D:3      | Found a glowing golden altar of the Shining One.
  1707 | D:3      | Noticed Jessica
  1718 | D:3      | Killed Jessica
  1768 | D:3      | Slain by a worker ant

Action                   |  1- 3 |  4- 6 || total
-------------------------+-------+-------++-------
Melee: Unarmed           |    61 |    22 ||    83
 Cast: Beastly Appendage |    14 |     5 ||    19
  Use: Potion            |     3 |     1 ||     4
       Scroll            |       |     7 ||     7
 Stab: Sleeping          |     5 |       ||     5
